Map: [ESL] Solaris

Players

Bunny

  • Race: Terran Terran
  • Spawn Location: 7:00

Cure - Winner!

  • Race: Terran Terran
  • Spawn Location: 1:00

Event: IEM Katowice 2024

VOD

Have the link to the VOD?

Description

Time

  • Played on: Feb. 9, 2024, 5:07 a.m.
  • Length: 5:04

All games in this series

Show
View Real Time Build Order
Export as new Build Order

Bunny Terran 

Build Orders: Reaper Expand 

Get SALT Encoding   

  12  0:00  SCV  
  13  0:12  SCV  
  14  0:17  Supply Depot  
  14  0:24  SCV  
  15  0:39  SCV  
  15  0:40  Barracks  
  16  0:43  Refinery  
  16  0:51  SCV  
  17  1:03  SCV  
  18  1:15  SCV  
  19  1:27  Orbital Command, Reaper  
  20  1:38  Command Center  
  20  1:51  Supply Depot  
  20  1:52  SCV  
  21  1:59  Marine  
  22  2:02  Factory  
  22  2:05  SCV  
  23  2:11  Refinery  
  23  2:17  SCV, Marine  
  24  2:32  SCV  
  24  2:35  Marine  
  22  2:44  SCV  
  22  2:46  Hellion  
  25  2:52  Marine  
  25  2:56  SCV  
  23  3:08  Hellion, SCV  
  23  3:10  Marine  
  27  3:20  SCV  
  27  3:22  Orbital Command  
  28  3:28  Marine  
  28  3:29  Hellion  
  29  3:39  SCV  
  29  3:40  Starport  
  30  3:46  Marine  
  32  3:48  SCV  
  32  3:50  Cyclone  
  32  3:54  SCV  
  35  4:00  SCV  
  36  4:05  Barracks Reactor  
  36  4:06  SCV  
  29  4:19  Medivac  
  29  4:22  Cyclone  
  29  4:30  SCV x2  
  27  4:42  Marine x2  
  25  4:50  SCV x2  
Show
View Real Time Build Order
Export as new Build Order

Cure Terran - Winner!

Build Orders:  

Get SALT Encoding   

  12  0:00  SCV  
  13  0:12  SCV  
  14  0:17  Supply Depot  
  14  0:24  SCV  
  15  0:38  SCV  
  15  0:40  Barracks  
  16  0:44  Refinery  
  16  0:56  Barracks  
  16  1:00  SCV  
  17  1:07  Refinery  
  17  1:12  SCV  
  18  1:27  Reaper  
  18  1:29  Orbital Command  
  19  1:40  Supply Depot  
  19  1:43  Reaper  
  20  1:54  SCV  
  20  1:59  Reaper  
  22  2:06  SCV  
  23  2:11  Factory  
  23  2:16  Reaper  
  23  2:19  SCV  
  25  2:31  SCV  
  25  2:33  Reaper  
  27  2:43  SCV  
  27  2:48  Supply Depot  
  27  2:51  Reaper  
  28  3:04  SCV  
  29  3:07  Reaper  
  29  3:10  Hellion  
  32  3:14  Command Center  
  32  3:18  SCV  
  33  3:21  Starport  
  33  3:27  Reaper  
  33  3:30  SCV  
  34  3:39  Cyclone  
  36  3:42  SCV  
  36  3:44  Supply Depot  
  36  3:46  Barracks Reactor  
  37  3:54  SCV  
  38  4:05  Medivac  
  38  4:06  SCV  
  38  4:08  Refinery  
  41  4:16  Cyclone  
  41  4:18  SCV  
  40  4:31  Orbital Command, SCV  
  39  4:38  Barracks Tech Lab  
  39  4:43  SCV  

Tags
 
Add a new tag
Caveats
  • Supply blocks, unpowered buildings, or Contaminate may cause inaccurate times.
  • Supply counts are checked every 10 seconds.